 Dungeon Crawl Stone Soup version 0.27.1-34-g3ba077fa99 (webtiles) character file.

Game seed: 8486392486047226151

2219 Arum the Thaumaturge (level 9, 0/57 HPs)
             Began as a Formicid Venom Mage on Jan 8, 2022.
             Was an Initiate of Vehumet.
             Slain by a wraith (11 damage)
             ... on level 7 of the Dungeon.
             The game lasted 00:21:07 (8072 turns).

Arum the Thaumaturge (Formicid Venom Mage)          Turns: 8072, Time: 00:21:08

Health: 0/57       AC:  2    Str: 12    XL:     9   Next: 61%
Magic:  23/23      EV: 17    Int: 27    God:    Vehumet [......]
Gold:   335        SH:  5    Dex: 11    Spells: 19/29 levels left

rFire    . . .     SeeInvis +   e - +3 whip
rCold    . . .     Faith    .   (no shield)
rNeg     . . .     Spirit   .   a - +0 robe
rPois    .         Reflect  +   (helmet unavailable)
rElec    +         Harm     .   (no cloak)
rCorr    .         Rampage  .   (no gloves)
Will     .....                  (no boots)
Stlth    ++........             h - amulet of reflection
HPRegen  0.19/turn              i - ring of protection from cold
MPRegen  0.18/turn              l - ring of Iseps {rElec rC- EV+4 Int+8}

@: no status effects
A: permanent stasis, dig shafts and tunnels, antennae 3, four strong arms
a: Dig, Shaft Self, Renounce Religion


You were on level 7 of the Dungeon.
You worshipped Vehumet.
Vehumet was noncommittal.
You visited 2 branches of the dungeon, and saw 8 of its levels.

You collected 335 gold pieces.

Inventory:

Hand Weapons
 e - a +3 whip (weapon)
 u - a +1 scythe of distortion
 w - a +4 club
Armour
 a - a +0 robe (worn)
Magical Staves
 b - a staff of earth
 n - a staff of death
Jewellery
 c - a ring of fire
 h - an amulet of reflection (around neck)
 i - a ring of protection from cold (left hand)
 l - the ring of Iseps (right hand) {rElec rC- EV+4 Int+8}
   (You acquired it on level 5 of the Dungeon)

   [ring of evasion]

   EV:        It affects your evasion (+4).
   Int:       It affects your intelligence (+8).
   rC:        It makes you vulnerable to cold.
   rElec:     It insulates you from electricity.
Wands
 f - a wand of polymorph (11)
 r - a wand of mindburst (1)
Scrolls
 d - a scroll of teleportation
 g - 2 scrolls of immolation
 p - 2 scrolls of amnesia
 x - a scroll of identify
 y - a scroll of magic mapping
Potions
 j - a potion of mutation {unknown}
 k - a potion of heal wounds
 m - a potion of ambrosia {unknown}
 o - a potion of attraction
 q - 3 potions of curing
 s - a potion of degeneration {unknown}
 t - a potion of lignification {unknown}


   Skills:
 + Level 4.1 Dodging
 - Level 2.4 Stealth
 * Level 10.5 Spellcasting
 + Level 1.2 Conjurations
 - Level 1.1 Transmutations
 + Level 7.0 Earth Magic
 - Level 10.4 Poison Magic
 * Level 2.8 Evocations


You had 19 spell levels left.
You knew the following spells:

 Your Spells              Type           Power      Damage    Failure   Level
a - Sting                 Tmut/Pois      100%       1d8       1%          1
b - Poisonous Vapours     Pois/Air       84%        N/A       1%          2
c - Olgreb's Toxic Radia  Pois           63%        N/A       1%          4
d - Mephitic Cloud        Conj/Pois/Air  35%        N/A       2%          3

Your spell library contained the following spells:

 Spells                   Type           Power      Damage    Failure   Level
 Leda's Liquefaction      Hex/Erth       16%        N/A       10%         4
 Call Canine Familiar     Summ           14%        N/A       12%         3
 Portal Projectile        Hex/Tloc       28%        N/A       12%         3


Dungeon Overview and Level Annotations

Branches:
Dungeon (7/15)             Temple (1/1) D:6

Altars:
Ashenzari
Cheibriados
Dithmenos
Elyvilon
Fedhas
Gozag
Hepliaklqana
Kikubaaqudgha
Makhleb
Nemelex Xobeh
Okawaru
Qazlal
Ru
Sif Muna
Trog
Uskayaw
Vehumet
Wu Jian
Xom
Zin
The Shining One

Shops:
D:5 :


Innate Abilities, Weirdness & Mutations

You cannot be hasted, slowed, berserked, paralysed or teleported.
You can dig through walls and to a lower floor.
You have a pair of large antennae on your head. (SInv)
Your four strong arms can wield two-handed weapons with a shield.


Message History

You hit the wraith.
The wraith is severely damaged.
The wraith hits you! The wraith drains your vigour!
Your stasis prevents you from being slowed.
You hit the wraith but do no damage.
The wraith is severely damaged.
The wraith barely misses you.
You hit the wraith but do no damage.
The wraith is severely damaged.
The wraith hits you but does no damage.
You closely miss the wraith.
The wraith is severely damaged.
The wraith hits you but does no damage. The wraith hits you.
The wraith drains your vigour!
Your stasis prevents you from being slowed.
You closely miss the wraith.
The wraith is severely damaged.
The wraith hits you but does no damage.
You hit the wraith but do no damage.
The wraith is severely damaged.
You feel less wooden.
Your +0 robe unmelds from your body.
The wraith misses you.
You closely miss the wraith.
The wraith is severely damaged.
The wraith hits you!
* * * LOW HITPOINT WARNING * * *
You hit the wraith but do no damage.
The wraith is severely damaged.
The wraith misses you.
You barely miss the wraith.
The wraith is severely damaged.
The wraith hits you.
* * * LOW HITPOINT WARNING * * *
You barely miss the wraith.
The wraith is severely damaged.
The wraith misses you.
You closely miss the wraith.
The wraith is severely damaged.
The wraith hits you!
You die...

.........#.#
...........#
...........# ####
...........####..+
................##
####.####..###..####
#. #....#.....# ##
#....#.###.#
#....#W#@# #
#.#.##.#W#
#.#.##.#.#
#........#
########.# #...#
###.# ###


You could see a wraith.

Vanquished Creatures
  An unseen horror (D:7)
  Sigmund (D:4)
  3 water moccasins
  A black bear (D:5)
  2 centaurs
  3 ogres
  A phantom (D:6)
  A bullfrog (D:7)
  A kobold brigand (D:6)
  A water moccasin zombie (D:6)
  A wyvern skeleton (D:6)
  2 water moccasin skeletons (D:5)
  A bullfrog zombie (D:5)
  A hound (D:5)
  A jelly (D:5)
  A centaur skeleton (D:6)
  An iguana (D:5)
  Ijyb (D:5)
  An orc wizard (D:5)
  A hound skeleton (D:5)
  Robin (D:3)
  3 gnolls (D:6)
  5 adders
  2 howler monkey skeletons
  A white imp (D:6)
  An ufetubus (D:5)
  An adder zombie (D:5)
  2 worms
  2 dart slugs
  16 orcs
  6 bats
  3 endoplasms
  4 giant cockroaches
  18 goblins
  7 hobgoblins
  A jackal (D:3)
  10 kobolds
  4 quokkas
  7 ball pythons
  3 frilled lizards
  11 rats
134 creatures vanquished.

Notes
Turn   | Place    | Note
-------+----------+-------------------------------------------
     0 | D:1      | Arum the Formicid Venom Mage began the quest for the Orb.
     0 | D:1      | Reached XP level 1. HP: 13/13 MP: 3/3
    92 | D:1      | Reached XP level 2. HP: 8/19 MP: 0/5
   699 | D:1      | Reached XP level 3. HP: 24/24 MP: 3/6
  1308 | D:2      | Reached skill level 5 in Poison Magic
  1605 | D:2      | Reached XP level 4. HP: 17/30 MP: 4/8
  1763 | D:2      | Learned a level 2 spell: Poisonous Vapours
  2230 | D:2      | Learned a level 4 spell: Olgreb's Toxic Radiance
  2719 | D:3      | Noticed Robin
  2732 | D:3      | Killed Robin
  2835 | D:3      | Reached XP level 5. HP: 35/35 MP: 3/9
  3579 | D:4      | Reached XP level 6. HP: 41/41 MP: 11/18
  3584 | D:4      | Learned a level 3 spell: Mephitic Cloud
  4068 | D:4      | Noticed an ogre
  4080 | D:4      | Killed an ogre
  4198 | D:4      | Noticed Sigmund
  4210 | D:4      | Killed Sigmund
  4211 | D:4      | Reached XP level 7. HP: 25/46 MP: 7/20
  4706 | D:5      | Entered Level 5 of the Dungeon
  4707 | D:5      | Identified a scroll of acquirement
  4707 | D:5      | Acquired the ring of Iseps {rElec rC- EV+4 Int+8}
  4716 | D:5      | Noticed Ijyb
  4724 | D:5      | Killed Ijyb
  4820 | D:5      | Found Tuycya's Book Emporium.
  5012 | D:5      | Reached skill level 10 in Poison Magic
  5212 | D:5      | Found a shadowy altar of Dithmenos.
  5216 | D:5      | Found a broken altar of Ashenzari.
  5594 | D:5      | Found a snail-covered altar of Cheibriados.
  5595 | D:5      | Found a shimmering blue altar of Sif Muna.
  5596 | D:5      | Found a blossoming altar of Fedhas.
  5596 | D:5      | Found a sacrificial altar of Ru.
  5668 | D:5      | Reached XP level 8. HP: 52/52 MP: 17/21
  5987 | D:5      | Found an ornate altar of the Wu Jian Council.
  5988 | D:5      | Found a hide-covered altar of Uskayaw.
  6172 | D:6      | Reached skill level 10 in Spellcasting
  6610 | D:6      | Found a white marble altar of Elyvilon.
  6943 | D:6      | Reached skill level 1 in Evocations
  6962 | D:6      | Reached XP level 9. HP: 57/57 MP: 20/23
  7377 | D:6      | Found a staircase to the Ecumenical Temple.
  7386 | Temple   | Entered the Ecumenical Temple
  7399 | Temple   | Became a worshipper of Vehumet
  7596 | D:7      | Noticed an unseen horror
  7607 | D:7      | Killed an unseen horror
  7608 | D:7      | Reached skill level 1 in Conjurations
  8072 | D:7      | Slain by a wraith

Illustrated notes

Levels and vault maps discovered:
D:1:      amcnicky_arrival_single_pillar, layout_basic, st_stairs_10,
          minivault_25
D:2:      layout_loops_ring
D:3:      minmay_chambers_of_twos, layout_basic, uniq_robin
D:4:      layout_cave_pods, nicolae_underground_beach, uniq_sigmund
D:5:      layout_loops_cross, mainiacjoe_overflow_catwalk,
          overflow_temple_1_default, mainiacjoe_overflow_alcove_3,
          gammafunk_temple_overflow_statue, serial_shops, shop_fountains,
          uniq_ijyb
D:6:      layout_cave_pools, kennysheep_mini_moat, lemuel_temple_firewalk_a
D:7:      gammafunk_beogh_shrine, layout_basic, roderic_roman_lattice
Temple:   cyrus_circular_temple

Skill      XL: |  1  2  3  4  5  6  7  8  9 |
---------------+----------------------------+-----
Dodging        | 2 3 4 |  4.1
Poison Magic   | 5 9 10 | 10.4
Spellcasting   | 3 9 10 | 10.5
Earth Magic    | 7 |  7.0
Evocations     | 1 2 |  2.8
Conjurations   | 1 |  1.2
Stealth        | |  2.4
Transmutations | |  1.1

Action                   |  1- 3 |  4- 6 |  7- 9 || total
-------------------------+-------+-------+-------++-------
Melee: Unarmed           |     5 |       |       ||     5
       Whip              |    13 |    28 |   121 ||   162
       Staff             |       |     2 |    28 ||    30
 Cast: Sting             |    51 |    42 |       ||    93
       Poisonous Vapours |       |    29 |    30 ||    59
       Olgreb's Toxic Ra |       |     5 |    13 ||    18
       Mephitic Cloud    |       |       |     1 ||     1
 Abil: Dig               |     1 |       |       ||     1
Evoke: Wand              |       |       |    32 ||    32
  Use: Scroll            |       |     9 |     3 ||    12
       Potion            |       |     1 |       ||     1
Armor: Robe              |     8 |     5 |     9 ||    22
       Skin              |       |       |    27 ||    27
Dodge: Dodged            |    31 |    18 |    89 ||   138
Block: Other             |     3 |     6 |    26 ||    35
       Reflection        |       |       |     3 ||     3
